 Dungeon Crawl Stone Soup version 0.30.1-4-g462c640d31 (webtiles) character file.

Game seed: 2919727375438788388

1544 rvierbuc the Cudgeller (level 8, -2/60 HPs)
             Began as a Demonspawn Gladiator on Aug 21, 2023.
             Slain by an ice beast (13 damage)
             ... on level 6 of the Dungeon.
             The game lasted 00:29:06 (5130 turns).

rvierbuc the Cudgeller (Demonspawn Gladiator)       Turns: 5130, Time: 00:29:09

Health: -2/60      AC:  4    Str: 17    XL:     8   Next: 56%
Magic:  9/12       EV: 15    Int:  9    God:
Gold:   317        SH:  0    Dex: 15    Spells: 10/12 levels left

rFire   . . .        h - +4 whip
rCold   . . .        (no shield)
rNeg    . . .        b - +0 leather armour
rPois   .            c - +0 helmet
rElec   .            (no cloak)
rCorr   .            u - +0 pair of gloves
SInv    .            l - +2 pair of boots
Will    .....        (no amulet)
Stlth   ++           (no ring)
HPRegen 0.30/turn    (no ring)
MPRegen 0.13/turn

%: no passive effects
@: wereblooded, corroded
A: repulsion field 1, foul stench 1, powered by pain 2
a: no special abilities


You were on level 6 of the Dungeon.
You visited 2 branches of the dungeon, and saw 7 of its levels.

You collected 317 gold pieces.

Inventory:

Hand Weapons
 a - a +0 trident
 h - a +4 whip (weapon)
 p - a +1 dagger of venom
Missiles
 e - 3 javelins (quivered)
 j - a throwing net
 x - 17 poisoned darts
Armour
 b - a +0 leather armour (worn)
 c - a +0 helmet (worn)
 l - a +2 pair of boots (worn)
 u - a +0 pair of gloves (worn)
 y - a +2 scale mail of poison resistance
 G - a +0 pair of boots
Magical Staves
 w - a staff of earth
Jewellery
 d - a ring of flight
 A - an amulet of the acrobat
 B - a ring of see invisible
Wands
 s - a wand of polymorph (13)
 H - a wand of roots (11)
Scrolls
 g - 2 scrolls of teleportation {unknown}
 k - a scroll of enchant armour {unknown}
 m - a scroll of amnesia {unknown}
 n - 5 scrolls of identify {unknown}
 o - 2 scrolls of enchant weapon {unknown}
 t - a scroll of fear {unknown}
 z - a scroll of immolation {unknown}
 C - a scroll of blinking {unknown}
 E - a scroll of acquirement {unknown}
Potions
 f - a potion of ambrosia
 i - 2 potions of flight
 q - a potion of berserk rage {unknown}
 r - 4 potions of lignification {unknown}
 v - 2 potions of brilliance {unknown}
 D - 2 potions of curing {unknown}
 F - a potion of haste {unknown}
 I - a potion of attraction {unknown}


   Skills:
 + Level 3.8 Fighting
 + Level 5.0 Maces & Flails
 + Level 3.3 Polearms
 + Level 2.8 Throwing
 + Level 2.9 Armour
 + Level 4.4 Dodging
 + Level 2.4 Stealth
 * Level 2.7 Spellcasting
 * Level 3.1 Transmutations


You had 10 spell levels left.
You knew the following spells:

 Your Spells              Type           Power      Damage    Failure   Level
a - Wereblood             Tmut           6%         N/A       16%         2

Your spell library contained the following spells:

 Spells                   Type           Power      Damage    Failure   Level
 Sting                    Tmut/Pois      16%        1d3       19%         1
 Poisonous Vapours        Pois/Air       2%         N/A       50%         2
 Static Discharge         Conj/Air       2%         2-3/arc   50%         2
 Sublimation of Blood     Necr           1%         N/A       50%         2
 Airstrike                Air            0%         2d(1-17)  98%         4
 Olgreb's Toxic Radiance  Pois           1%         N/A       98%         4
 Summon Lightning Spire   Summ/Air       1%         N/A       98%         4
 Summon Hydra             Summ           0%         N/A       100%        7


Dungeon Overview and Level Annotations

Branches:
Dungeon (6/15)             Temple (1/1) D:4

Altars:
Ashenzari
Cheibriados
Dithmenos
Fedhas
Gozag
Hepliaklqana
Makhleb
Nemelex Xobeh
Okawaru
Qazlal
Ru
Sif Muna
Trog
Vehumet
Wu Jian
Xom
Yredelemnul

Shops:
D:1 *   D:4 ![?((

Annotations:
D:6 3 runed translucent doors, erynZofia's ghost, novice DEVM


Innate Abilities, Weirdness & Mutations

You are surrounded by a mild repulsion field. (EV +2)
You may rarely emit foul miasma when damaged in melee.
You sometimes gain power by taking damage.


Message History

Casting: Wereblood (safe; 16% risk of failure)
Confirm with . or Enter, or press ? or * to list all spells.
Your blood is freshly infused with primal strength!
The adder completely misses you. The adder closely misses you.
You closely miss the adder.
The adder is heavily wounded.
The adder closely misses you.
You hit the adder.
The adder is severely wounded.
The adder barely misses you.
You closely miss the adder.
The adder is severely wounded.
The adder misses you.
You hit the adder.
The adder is almost dead.
The adder closely misses you.
You hit the adder but do no damage.
The adder is almost dead.
The adder bites you but does no damage.
You hit the adder.
You feel a bit better.
You kill the adder!
You hit the hound.
The hound is moderately wounded.
The hound barely misses you. x2
You whack the hound!
The hound is almost dead.
The hound bites you.
* * * LOW HITPOINT WARNING * * *
You hit the hound.
You feel a bit better.
You kill the hound!
You hit the ice beast.
The ice beast is severely wounded.
The ice beast closely misses you.
You hit the ice beast.
The ice beast is almost dead.
You howl as the wereblood boils in your veins!
The ice beast hits you.
* * * LOW HITPOINT WARNING * * *
The ice beast freezes you!
You die...

########### ####
#.........# ....
#.........# .....
#.........# .....
###Y###.h## .....#
#..@..#..###.....#
#.....#..h.......#
#.....#..........#
#.....#...........
#.....#...##.....#
#.....#...# .....#
#.....#.... .....
#.....#.... ....#
#.....#.... ...#


You could see an ice beast.

Vanquished Creatures
  Sigmund (D:2)
  Menkaure (D:4)
  A water moccasin (D:5)
  A sky beast (D:6)
  A black bear (D:5)
  An ogre (D:5)
  Blork the orc (D:5)
  3 scorpions
  3 hounds
  2 jellies
  2 orc priests (D:4)
  A sleepcap (D:5)
  Terence (D:2)
  3 iguanas
  2 orc wizards
  5 gnolls (D:4)
  9 adders
  4 ufetubi
  4 worms
  4 dart slugs
  11 orcs
  7 ball pythons
  6 bats
  7 endoplasms
  7 giant cockroaches
  7 goblins
  7 hobgoblins
  4 jackals (D:3)
  6 kobolds
  4 quokkas
  4 frilled lizards
  9 rats
129 creatures vanquished.

Notes
Turn   | Place    | Note
-------+----------+-------------------------------------------
     0 | D:1      | rvierbuc the Demonspawn Gladiator began the quest for the
                  | Orb.
     0 | D:1      | Reached XP level 1. HP: 16/16 MP: 1/1
    13 | D:1      | You fall into a shaft and drop 1 floor!
   133 | D:1      | Gained mutation: You are surrounded by a mild repulsion
                  | field. (EV +2) [demonic ancestry]
   133 | D:1      | Reached XP level 2. HP: 22/22 MP: 2/2
   426 | D:1      | Found Zismabeu's Assorted Antiques.
   548 | D:1      | Gained mutation: You may rarely emit foul miasma when
                  | damaged in melee. [demonic ancestry]
   548 | D:1      | Reached XP level 3. HP: 27/27 MP: 3/3
   852 | D:2      | Learned a level 2 spell: Wereblood
  1020 | D:2      | Noticed Sigmund
  1030 | D:2      | Killed Sigmund
  1031 | D:2      | Reached skill level 2 in Maces & Flails
  1031 | D:2      | Reached skill level 1 in Armour
  1031 | D:2      | Reached skill level 1 in Stealth
  1031 | D:2      | Gained mutation: You sometimes gain a little power by
                  | taking damage. [demonic ancestry]
  1031 | D:2      | Reached XP level 4. HP: 31/34 MP: 4/4
  1031 | D:2      | Reached XP level 5. HP: 36/39 MP: 5/5
  1207 | D:2      | Noticed Terence
  1223 | D:2      | Killed Terence
  1721 | D:3      | Reached XP level 6. HP: 43/46 MP: 6/6
  2065 | D:3      | Reached skill level 3 in Maces & Flails
  2279 | D:3      | Found a sacrificial altar of Ru.
  2339 | D:4      | Found Jaxo's Antique Armour Shop.
  2466 | D:4      | Found Qummoe's Distillery.
  2484 | D:4      | Found a staircase to the Ecumenical Temple.
  2494 | Temple   | Entered the Ecumenical Temple
  2494 | Temple   | Found a transporter.
  2494 | Temple   | Found a transporter.
  2513 | Temple   | Found a transporter.
  2513 | Temple   | Found a transporter.
  2708 | D:4      | Noticed Menkaure
  2719 | D:4      | Reached skill level 1 in Transmutations
  2731 | D:4      | Killed Menkaure
  2732 | D:4      | Reached skill level 1 in Spellcasting
  2732 | D:4      | Gained mutation: You sometimes gain power by taking damage.
                  | [demonic ancestry]
  2732 | D:4      | Reached XP level 7. HP: 28/52 MP: 6/8
  3319 | D:4      | Reached skill level 4 in Maces & Flails
  3519 | D:4      | Found Efe Rum's Magic Scroll Shop.
  3539 | D:4      | Found Zohac's Weapon Shop.
  3561 | D:4      | Found Oloisiun's Weapon Shoppe.
  3774 | D:5      | Entered Level 5 of the Dungeon
  3916 | D:5      | Noticed Blork the orc
  3929 | D:5      | Killed Blork the orc
  3930 | D:5      | Reached XP level 8. HP: 34/58 MP: 9/11
  4987 | D:6      | Noticed erynZofia's ghost (novice DEVM)
  5017 | D:6      | Found a runed translucent gate.
  5017 | D:6      | Found a runed translucent gate.
  5017 | D:6      | Found a runed translucent gate.
  5111 | D:6      | Reached skill level 5 in Maces & Flails
  5130 | D:6      | Slain by an ice beast

Illustrated notes

Levels and vault maps discovered:
D:1:      minmay_arrival_semitransparent, layout_basic, serial_shops,
          nicolae_shop_real_fake_doors
D:2:      layout_basic, serial_forest, infiniplex_forest_clump_small,
          infiniplex_forest_lined_ring, infiniplex_forest_end_2,
          infiniplex_forest_clump_large, infiniplex_forest_end_3,
          infiniplex_forest_end_3, uniq_sigmund, uniq_terence
D:3:      layout_basic, nicolae_ru_the_path_less_chosen,
          nicolae_elevator_lobby_plus
D:4:      minmay_razor_zed, layout_loops_ring, minmay_temple_entry_proselytizer,
          serial_shops, shop, nicolae_stop_n_shop_2, shop, shop, shop,
          grunt_ministairs_10, minmay_checkerbox, uniq_menkaure
D:5:      layout_gridville, nicolae_zen_rock_garden, skrybe_limestone_x,
          uniq_blork_the_orc
D:6:      layout_gridville, gammafunk_ghost_icy,
          eino_small_chamber_without_monster, serial_bayou_ford_a
Temple:   hellmonk_temple_divided_pantheon

Skill      XL: |  1  2  3  4  5  6  7  8 |
---------------+-------------------------+-----
Dodging        | 3 4 |  4.4
Throwing       | 2 |  2.8
Polearms       | 3 |  3.3
Maces & Flails | 2 3 4 5 |  5.0
Armour         | 1 2 |  2.9
Stealth        | 1 2 |  2.4
Transmutations | 1 2 3 |  3.1
Fighting       | 3 |  3.8
Spellcasting   | 1 2 |  2.7

Action                     |  1- 3 |  4- 6 |  7- 9 || total
---------------------------+-------+-------+-------++-------
  Melee: Trident           |    12 |       |       ||    12
         Whip              |    66 |   177 |   215 ||   458
         Punch             |       |     6 |     4 ||    10
  Throw: Throwing net      |     4 |     1 |       ||     5
         Javelin           |     3 |    18 |     1 ||    22
   Cast: Wereblood         |       |       |     4 ||     4
    Use: Potion            |       |       |     2 ||     2
   Stab: Held in net/web   |     1 |       |       ||     1
         Sleeping          |       |     2 |     6 ||     8
 Armour: Leather armour    |    26 |    57 |    53 ||   136
  Dodge: Dodged            |    48 |   114 |   161 ||   323
